Map: Babylon LE

Players

SneakyPanda

  • Race: Protoss Protoss
  • League: Silver
  • Spawn Location: 5:00

MattBarry - Winner!

  • Race: Protoss Protoss
  • League: Gold
  • Spawn Location: 11:00

VOD

Have the link to the VOD?

Description

Time

  • Played on: Feb. 10, 2023, 6:17 p.m.
  • Length: 8:45
Show
View Real Time Build Order
Export as new Build Order

SneakyPanda Protoss 

Build Orders:  

Get SALT Encoding   

  12  0:00  Probe  
  13  0:18  Probe  
  13  0:20  Pylon  
  14  0:30  Probe  
  15  0:41  Gateway  
  15  0:47  Probe (Chrono Boost)  
  16  0:51  Assimilator  
  16  0:55  Probe (Chrono Boost)  
  17  1:01  Probe  
  17  1:19  Probe  
  18  1:39  Zealot (Chrono Boost)  
  20  2:05  Zealot (Chrono Boost)  
  22  2:40  Zealot  
  18  3:07  Zealot  
  20  3:26  Pylon  
  19  3:35  Zealot  
  21  3:57  Forge  
  6  4:34  Photon Cannon  
  6  4:36  Photon Cannon  
Show
View Real Time Build Order
Export as new Build Order

MattBarry Protoss - Winner!

Build Orders:  

Get SALT Encoding   

  12  0:00  Probe (Chrono Boost)  
  13  0:11  Probe (Chrono Boost)  
  14  0:25  Pylon  
  14  0:28  Probe  
  15  0:45  Forge  
  15  0:54  Pylon  
  15  1:08  Pylon  
  15  1:28  Photon Cannon  
  15  1:29  Pylon  
  15  1:35  Pylon  
  14  1:46  Photon Cannon  
  14  2:03  Pylon  
  14  2:06  Probe  
  15  2:18  Probe  
  16  2:29  Photon Cannon  
  16  2:30  Probe  
  16  2:36  Pylon  
  17  2:42  Probe  
  17  3:00  Photon Cannon  
  17  3:18  Photon Cannon  
  17  3:27  Photon Cannon  
  17  3:33  Photon Cannon  
  17  3:35  Photon Cannon  
  17  3:40  Pylon  
  16  4:11  Gateway  
  16  4:18  Photon Cannon  
  16  4:24  Photon Cannon  
  16  4:28  Photon Cannon  
  16  4:32  Pylon  
  16  4:36  Probe (Chrono Boost)  
  17  4:43  Photon Cannon  
  18  4:45  Probe (Chrono Boost)  
  18  4:50  Photon Cannon, Probe (Chrono Boost)  
  19  4:59  Photon Cannon  
  19  5:01  Pylon  
  19  5:02  Probe  
  19  5:06  Pylon  
  20  5:16  Cybernetics Core  
  20  5:43  Pylon  
  20  5:46  Nexus  
  20  5:57  Nexus  
  20  6:03  Probe  
  21  6:15  Probe  
  22  6:27  Probe  
  22  6:31  Assimilator  
  23  6:39  Probe  
  22  6:50  Nexus  
  22  6:51  Probe  
  23  7:01  Assimilator  
  22  7:17  Shield Battery  
  21  7:23  Pylon  
  20  8:21  Stargate  
  20  8:24  Probe  
  21  8:40  Assimilator  
  22  8:43  Assimilator  
Tags
 
Matchup
PvP
Replay Pack
Multiplayer
Spawn Locations
Cross Positions
Add a new tag
Caveats
  • Supply blocks, unpowered buildings, or Contaminate may cause inaccurate times.
  • Supply counts are checked every 10 seconds.